 Dungeon Crawl Stone Soup version 0.29-a0-275-g389c0b56f3 (webtiles) character file.

Game seed: 16269030692189197144

2948 spaghetti the Summoner (level 9, 0/78 (86) HPs)
             Began as a Naga Chaos Knight on Mar 9, 2022.
             Was a Follower of Cheibriados.
             Slain by a wight
             ... wielding a +0 battleaxe
             ... summoned by Xom
              (2 damage)
             ... on level 7 of the Dungeon.
             The game lasted 00:13:19 (7884 turns).

spaghetti the Summoner (Naga Chaos Knight)          Turns: 7884, Time: 00:13:19

HP:   0/78 (86)     AC:  9    Str: 22    XL:     9   Next: 81%
MP:   16/16         EV:  9    Int: 17    God:    Cheibriados [*.....]
Gold: 274           SH:  0    Dex: 22    Spells: 9/18 levels left

rFire   . . .      SeeInvis +   o - +11 whip of Terra Nullius {freeze, *Rage *Corrode rPois Dex+6, mace}
rCold   . . .      Faith    .   (no shield)
rNeg    . . .      Spirit   .   b - +2 leather armour
rPois   +          Reflect  .   (no helmet)
rElec   .          Harm     .   n - +0 cloak
rCorr   .          Rampage  .   D - +1 pair of gloves
Will    +....      Rage     20% (no barding)
Stlth   ++........              (no amulet)
HPRegen 0.23/turn               g - ring of wizardry
MPRegen 0.15/turn               (no ring)

@: brilliant, drained, unable to read, very slow
A: AC +3, large, see invisible, deformed body, poison resistance, slowness 2,
spit poison 1, naga tail 1, claws 1, agile 1, strong 1, wild magic 1, evolution
1, inability to read while threatened
a: Spit Poison, Renounce Religion, Bend Time


You were on level 7 of the Dungeon.
You worshipped Cheibriados.
Cheibriados was aware of your devotion.
You visited 1 branch of the dungeon, and saw 7 of its levels.

You collected 274 gold pieces.


Innate Abilities, Weirdness & Mutations

Your serpentine skin is tough. (AC +3)
You have supernaturally acute eyesight. (SInv)
Armour fits poorly on your strangely shaped body.
Your system is resistant to poisons. (rPois)
You cover ground very slowly.
You can spit poison.
You have a snake-like lower body.
You have sharp fingernails.
You are agile. (Dex +2)
Your muscles are strong. (Str +2)
Your spells are a little harder to cast, but a little more powerful.
You have hidden genetic potential.
You sometimes lose the ability to read scrolls when taking damage.


   Skills:
 - Level 7.0 Fighting
 - Level 3.0 Maces & Flails
 - Level 1.5 Armour
 - Level 0.7 Dodging
 - Level 5.0 Spellcasting
 + Level 10.2 Summonings


You had 9 spell levels left.
You knew the following spells:

 Your Spells              Type           Power      Damage    Failure   Level
a - Call Canine Familiar  Summ           66%        N/A       1%          3
b - Summon Cactus Giant   Summ           33%        N/A       21%         6

Your spell library contained the following spells:

 Spells                   Type           Power      Damage    Failure   Level
 Summon Small Mammal      Summ           100%       N/A       1%          1
 Summon Guardian Golem    Hex/Summ       42%        N/A       4%          3
 Animate Skeleton         Necr           16%        N/A       9%          1
 Apportation              Tloc           16%        N/A       9%          1
 Corpse Rot               Necr/Air       16%        N/A       13%         2
 Poisonous Vapours        Pois/Air       16%        N/A       13%         2
 Scorch                   Fire           16%        2d5       13%         2
 Ozocubu's Armour         Ice            8%         N/A       24%         3
 Summon Forest            Summ/Tloc      21%        N/A       28%         5
 Summon Mana Viper        Hex/Summ       42%        N/A       28%         5
 Flame Wave               Conj/Fire      8%         2d5       58%         4
 Metabolic Englaciation   Hex/Ice        4%         N/A       88%         5
 Simulacrum               Ice/Necr       4%         N/A       100%        6

Inventory:

Hand Weapons
 o - the +11 whip of Terra Nullius (weapon) {freeze, *Rage *Corrode rPois Dex+6, mace}
   (You found it on level 4 of the Dungeon)

   It freezes those it strikes, dealing additional cold damage.
   It can also slow down cold-blooded creatures.
   Dex:       It affects your dexterity (+6).
   rPois:     It protects you from poison.
   *Rage:     It berserks you when you make melee attacks (+20% chance).
   *Corrode:  It may corrode you when you take damage.
Missiles
 d - 178 stones {throwing}
 e - 5 javelins {throwing}
 l - a curare-tipped dart {=fthrowing}
 m - 3 boomerangs {throwing}
 z - 6 poisoned darts {throwing}
 B - a throwing net {=f!fthrowing}
 C - 4 atropa-tipped darts {throwing}
Armour
 b - a +2 leather armour (worn)
 n - a +0 cloak (worn)
   (You took it off Crazy Yiuf on level 5 of the Dungeon)
 D - a +1 pair of gloves (worn)
   (You found it on level 6 of the Dungeon)
Magical Staves
 j - a staff of death {!astaff}
   (You found it on level 2 of the Dungeon)
 v - a staff of air {!astaff}
   (You found it on level 5 of the Dungeon)
 x - a staff of earth {!astaff}
   (You found it on level 5 of the Dungeon)
Jewellery
 a - an amulet of the acrobat
   (You found it on level 5 of the Dungeon)
 g - a ring of wizardry (left hand)
   (You found it on level 2 of the Dungeon)
Scrolls
 f - 2 scrolls of enchant weapon
 q - a scroll of fear
 r - a scroll of teleportation {@r4}
 t - a scroll of identify {@r1}
 u - a scroll of fog {unknown}
 w - a scroll of vulnerability {unknown}
Potions
 h - 2 potions of curing {unknown}
 i - a potion of flight {unknown}
 A - a potion of mutation {!q}
 E - 2 potions of ambrosia {unknown}
 F - a potion of degeneration {unknown}
Miscellaneous
 c - a piece from Xom's chessboard (15/15) (quivered) {forbidden}

Dungeon Overview and Level Annotations

Branches:
Dungeon (7/15)             Temple (0/1) D:5

Altars:
Cheibriados
Fedhas
Okawaru
Sif Muna
Uskayaw
Vehumet
Xom
Zin

Annotations:
D:4 exclusion: statue
D:7 2 transporters, frimble's ghost, novice DjCA

.....+,,* #.#
.....#*,*#######.#
######*,*#.......#
*,<#.########*##***
***#.#oo#.o.#,.,,,*
##########o...##..#.###,***
...........#......#...#,,,*
................)z.#*,*,*,*
................@..##.##*,****
###........o....zz......#,,,,*
#y##.......######......##,**,*
.yh##.###### #.####.#****,*
...y#.# #..,,*,h.,,,,**
##..#.## ####,***#****<*
#...#..# *,*,,,* *,***
y.#.##.# *,*,*,* *,,,,
#h..,#.# *,*,,,* **,**


You could see a howler monkey (summoned, fleeing), 3 wights, 2 orc priests and 3
orcs.


Message History

😨 HP[+7]
You regained 7 hp, and now have 36/86 hp.
Unknown command.
The ufetubus attacks as you move away! The ufetubus barely misses you.
The ufetubus hits you but does no damage.
A red film seems to cover your vision as you go berserk!
Cheibriados protects you from inadvertent hurry.
You feel mighty!
You whack the iron imp! 😨 HP[+19]
You now have 129 max hp (+43).
You regained 19 hp, and now have 55/129 hp.
You whack the iron imp!
You kill the iron imp!
The iron imp disappears in a puff of smoke!
The ufetubus closely misses you.
The ufetubus hits you but does no damage.
You miss the ufetubus.
The ufetubus hits you but does no damage. x3
The ufetubus closely misses you.
You hit the ufetubus but do no damage. The ufetubus closely misses you.
The ufetubus hits you but does no damage. 😨 HP[+1]
You whack the ufetubus!
You kill the ufetubus!
The ufetubus disappears in a puff of smoke!
Things that are here:
a +0 mace {mace}; a +0 leather armour; an orc corpse 😨 HP[+1]
You start resting.
You feel a strong urge to attack something.
You feel your anger nearly subside.
You are no longer berserk.
You are exhausted.
You feel yourself slow down.
You feel yourself speed up.
You recover from your berserk rage.
Unknown command. 😮 HP[-3]
You now have 86 max hp (-43).
Unknown command. "Time to have some fun!" 😮 HP[+3]
You regained 3 hp, and now have 57/86 hp.
Okay, then.
As you read the scroll of fear, it crumbles to dust.
You assume a fearsome visage.
The howler monkey looks frightened!
The orc looks frightened! x4; The orc priest looks frightened!
The orc looks frightened!
The orc priest looks frightened!
The wight is unaffected.
The wight is unaffected.
The wight is unaffected. 😮 HP[+1] Unknown command.
You closely miss the wight. You hit the wight.
The wight hits you with a +5 halberd!!
You feel threatened and lose the ability to read scrolls!
* * * LOW HITPOINT WARNING * * *
You feel drained.
* * * LOW HITPOINT WARNING * * *
The wight closely misses you.
The wight hits you with a +2 halberd of freezing!
* * * LOW HITPOINT WARNING * * *
You feel drained.
* * * LOW HITPOINT WARNING * * *
The wight freezes you.
* * * LOW HITPOINT WARNING * * *
😨 HP[-35]
You now have 81 max hp (-5).
You take 35 damage, and now have 23/81 hp.
MASSIVE DAMAGE!! (PAUSE) Unknown command.
Unknown command.
You cannot read scrolls in your current state!
It was a potion of cancellation.
You feel magically purged. The wight hits you with a +5 halberd!
* * * LOW HITPOINT WARNING * * *
The wight misses you.
The wight completely misses you. 😱 HP[-14]
You take 14 damage, and now have 9/81 hp.
It was a potion of magic.
Magic courses through your body. The wight hits you with a +5 halberd.
* * * LOW HITPOINT WARNING * * *
You feel drained.
* * * LOW HITPOINT WARNING * * *
The wight closely misses you.
Cornered, the orc priest turns to fight!
The wight hits you with a +2 halberd of freezing.
* * * LOW HITPOINT WARNING * * *
You feel drained. The wight freezes you.
* * * LOW HITPOINT WARNING * * *
😱 HP[-7]
You now have 78 max hp (-3).
You take 7 damage, and now have 2/78 hp.
Okay, then.
You cannot read scrolls in your current state!
Unknown command.
It was a potion of brilliance.
You feel clever all of a sudden. The wight completely misses you.
The wight hits you with a +0 battleaxe.
You die...

Skill      XL: |  1  2  3  4  5  6  7  8  9 |
---------------+----------------------------+-----
Fighting       | 4 6 7 |  7.0
Spellcasting   | 3 4 5 |  5.0
Summonings     | 2 7 10 | 10.2
Maces & Flails | |  3.0
Armour         | |  1.5
Dodging        | |  0.7

Action                   |  1- 3 |  4- 6 |  7- 9 || total
-------------------------+-------+-------+-------++-------
Melee: Mace              |    90 |   124 |       ||   214
       Punch             |       |     1 |       ||     1
       Whip              |       |    44 |   176 ||   220
 Cast: Call Canine Famil |       |       |     2 ||     2
 Abil: Spit Poison       |    10 |       |       ||    10
Evoke: Piece from Xom's  |     1 |       |       ||     1
  Use: Scroll            |     3 |     5 |     7 ||    15
       Potion            |       |     1 |     8 ||     9
 Stab: Sleeping          |       |       |     1 ||     1
Armor: Leather armour    |    40 |   114 |    80 ||   234
Dodge: Dodged            |    67 |   116 |   135 ||   318

Levels and vault maps discovered:
D:1:      sevenhm_arrival_forest_fort_large_2, layout_loops_ring,
          hellmonk_ecumenical_altar_heavens_door
D:2:      layout_loops_ring, serial_aquarium, aquarium_bridge_square
          [aquarium_subvault_bridge, aquarium_subvault_wall,
          aquarium_subvault_wall, aquarium_subvault_wall],
          aquarium_bridge_straight [aquarium_subvault_bridge,
          aquarium_subvault_window, aquarium_subvault_bridge,
          aquarium_subvault_window], aquarium_window_fake, aquarium_window_2,
          aquarium_window_3, aquarium_view_2b, aquarium_view_2d,
          aquarium_pool_1, minmay_misc_feat_plants, uniq_sigmund
D:3:      layout_basic, kennysheep_generic_room_6
D:4:      layout_loops_cross, grunt_temple_overflow_order_and_chaos_1,
          lemuel_blue_sif_altar, okawaru_metal_pillars_3, vehumet_statue
D:5:      layout_basic, minmay_temple_entry_proselytizer, uniq_grinder,
          uniq_crazy_yiuf_cottage
D:6:      layout_basic, cheibriados_altar_1,
          nicolae_uskayaw_murder_on_the_dancefloor,
          fedhas_bush_and_centaur_altar, portal_sewer_entry_e
D:7:      layout_basic, gammafunk_ghost_berserking_beasts,
          kennysheep_generic_room_15

Notes
Turn   | Place    | Note
-------+----------+-------------------------------------------
     0 | D:1      | spaghetti the Naga Chaos Knight began the quest for the
                  | Orb.
     0 | D:1      | Reached XP level 1. HP: 21/21 MP: 1/1
     0 | D:1      | magus.rc [v1.9.6]
   188 | D:1      | XOM: 8-stop teleportation journey
   226 | D:1      | Reached XP level 2. HP: 28/28 MP: 2/2
   760 | D:1      | Reached skill level 4 in Fighting
   879 | D:1      | Reached XP level 3. HP: 33/36 MP: 3/3
  1003 | D:1      | XOM: cloud trail
  1107 | D:1      | Found a faded altar of an unknown god.
  1225 | D:2      | XOM: silly message
  1381 | D:2      | XOM: 3-stop teleportation journey
  1505 | D:2      | Reached XP level 4. HP: 38/45 MP: 4/4
  1668 | D:2      | Reached skill level 5 in Fighting
  1778 | D:2      | You pick up a book of the Wilderness and begin reading...
  1778 | D:2      | You add the spells Summon Forest, Summon Mana Viper and
                  | Summon Cactus Giant to your library.
  2153 | D:2      | Noticed Sigmund
  2157 | D:2      | XOM: confusion (+ monsters)
  2165 | D:2      | Killed Sigmund
  2166 | D:2      | Reached skill level 6 in Fighting
  2166 | D:2      | Reached XP level 5. HP: 56/56 MP: 5/5
  2166 | D:2      | Reached XP level 6. HP: 63/63 MP: 6/6
  2785 | D:3      | You pick up a book of Callings and begin reading...
  2785 | D:3      | You add the spells Summon Small Mammal, Call Canine
                  | Familiar and Summon Guardian Golem to your library.
  2826 | D:3      | You pick up a book of Vapours and begin reading...
  2826 | D:3      | You add the spells Poisonous Vapours and Corpse Rot to your
                  | library.
  2912 | D:3      | Learned a level 3 spell: Call Canine Familiar
  3064 | D:3      | XOM: summons 3 hostile demons
  3084 | D:3      | HP: 15/63 [quasit[Xom] (1)]
  3089 | D:3      | You pick up a book of Scorching and begin reading...
  3089 | D:3      | You add the spells Scorch and Flame Wave to your library.
  3434 | D:4      | Found an iron altar of Okawaru.
  3446 | D:4      | Identified the +11 whip of Terra Nullius {freeze, *Rage
                  | *Corrode rPois Dex+6}
  3465 | D:4      | Reached skill level 1 in Spellcasting
  3484 | D:4      | XOM: silly message
  3537 | D:4      | XOM: silly message
  3597 | D:4      | Found a shimmering altar of Xom.
  3597 | D:4      | Found a glowing silver altar of Zin.
  3597 | D:4      | Noticed an angel
  3630 | D:4      | Reached skill level 7 in Fighting
  3781 | D:4      | Found a shimmering blue altar of Sif Muna.
  3782 | D:4      | XOM: cloud trail
  3814 | D:4      | Found a radiant altar of Vehumet.
  3814 | D:4      | XOM: potion effect (berserk rage)
  4000 | D:5      | Entered Level 5 of the Dungeon
  4023 | D:5      | Reached skill level 2 in Spellcasting
  4025 | D:5      | Noticed Grinder
  4030 | D:5      | XOM: enchant monster (good)
  4038 | D:5      | Killed Grinder
  4039 | D:5      | Reached skill level 3 in Spellcasting
  4039 | D:5      | Reached XP level 7. HP: 72/72 MP: 9/12
  4140 | D:5      | Reached skill level 4 in Spellcasting
  4231 | D:5      | Gained mutation: You have sharp fingernails. [potion of
                  | mutation]
  4231 | D:5      | Gained mutation: You are frail. (-10% HP) [potion of
                  | mutation]
  4232 | D:5      | XOM: confuse monster(s)
  4353 | D:5      | XOM: 2-stop teleportation journey
  4440 | D:5      | Found a staircase to the Ecumenical Temple.
  4442 | D:5      | XOM: divination: magic mapping
  4443 | D:5      | XOM: cleaving
  4453 | D:5      | Reached skill level 1 in Summonings
  4578 | D:5      | Reached skill level 2 in Summonings
  4578 | D:5      | Reached XP level 8. HP: 72/72 MP: 15/15
  4581 | D:5      | Reached skill level 5 in Spellcasting
  4587 | D:5      | You pick up a book of Winter and begin reading...
  4587 | D:5      | You add the spells Ozocubu's Armour, Metabolic Englaciation
                  | and Simulacrum to your library.
  4800 | D:5      | Found a runed translucent door.
  4801 | D:5      | Noticed Crazy Yiuf
  4842 | D:5      | XOM: noise
  4871 | D:5      | Killed Crazy Yiuf
  4872 | D:5      | Reached skill level 3 in Summonings
  4968 | D:6      | You pick up a book of Cantrips and begin reading...
  4968 | D:6      | You add the spells Animate Skeleton and Apportation to your
                  | library.
  5039 | D:6      | Lost mutation: You have sharp fingernails. [potion of
                  | mutation]
  5039 | D:6      | Lost mutation: You are frail. (-10% HP) [potion of
                  | mutation]
  5039 | D:6      | Gained mutation: Your muscles are strong. (Str +2) [potion
                  | of mutation]
  5039 | D:6      | Gained mutation: You have hidden genetic potential. [potion
                  | of mutation]
  5039 | D:6      | Gained mutation: You have sharp fingernails. [potion of
                  | mutation]
  5099 | D:6      | XOM: torment (41/80 hp)
  5302 | D:6      | Found a blossoming altar of Fedhas.
  5334 | D:6      | Reached skill level 4 in Summonings
  5624 | D:6      | Found a snail-covered altar of Cheibriados.
  5630 | D:6      | Fell from the grace of Xom
  5630 | D:6      | Became a worshipper of Cheibriados the Contemplative
  5679 | D:6      | Reached skill level 5 in Summonings
  5906 | D:6      | Learned a level 6 spell: Summon Cactus Giant
  5932 | D:6      | Noticed a cyclops
  5959 | D:6      | Killed a cyclops
  5960 | D:6      | Reached skill level 7 in Summonings
  5960 | D:6      | Reached XP level 9. HP: 45/86 MP: 16/16
  6203 | D:6      | Found a hide-covered altar of Uskayaw.
  6440 | D:6      | XOM: give mutations
  6440 | D:6      | Gained mutation: You are agile. (Dex +2) [Xom's grace]
  6440 | D:6      | Gained mutation: You possess an exceptional clarity of
                  | mind. [Xom's grace]
  6458 | D:6      | XOM: scenery: create altars
  6472 | D:6      | XOM: give mutations
  6472 | D:6      | Gained mutation: You are frail. (-10% HP) [Xom's mischief]
  6472 | D:6      | Lost mutation: You possess an exceptional clarity of mind.
                  | [Xom's mischief]
  6472 | D:6      | Gained mutation: Your spells are a little harder to cast,
                  | but a little more powerful. [Xom's mischief]
  6553 | D:6      | XOM: summons 4 hostile shadow creatures
  6721 | D:6      | Reached * piety under Cheibriados
  6780 | D:7      | XOM: 3-stop teleportation journey
  6781 | D:7      | Found a transporter.
  6786 | D:7      | Reached skill level 8 in Summonings
  6788 | D:7      | Noticed a moth of wrath
  6792 | D:7      | Noticed frimble's ghost (novice DjCA)
  6802 | D:7      | Found a transporter.
  7185 | D:7      | Reached skill level 9 in Summonings
  7423 | D:7      | XOM: summons 2 hostile demons
  7502 | D:7      | Noticed a hornet
  7504 | D:7      | Paralysed by a hornet for 1 turns
  7512 | D:7      | Killed a hornet
  7513 | D:7      | Reached skill level 10 in Summonings
  7548 | D:7      | XOM: give mutations
  7548 | D:7      | Lost mutation: You are frail. (-10% HP) [Xom's mischief]
  7548 | D:7      | Gained mutation: You sometimes lose the ability to read
                  | scrolls when taking damage. [Xom's mischief]
  7548 | D:7      | Gained mutation: You occasionally shout uncontrollably at
                  | your foes. [Xom's mischief]
  7548 | D:7      | Lost mutation: You occasionally shout uncontrollably at
                  | your foes. [Xom's mischief]
  7776 | D:7      | XOM: torment (29/86 hp)
  7799 | D:7      | XOM: summons 2 hostile demons
  7878 | D:7      | XOM: summons 4 hostile shadow creatures
  7882 | D:7      | HP: 9/81 [wight/+5 halberd[Xom] (14)]
  7883 | D:7      | HP: 4/79 [wight/+5 halberd[Xom] (2)]
  7884 | D:7      | Slain by a wight

Vanquished Creatures
  A cyclops (D:6)
  A hornet (D:7)
  Grinder (D:5)
  Sigmund (D:2)
  A wyvern (D:7)
  An orc warrior (D:7)
  2 ice beasts (D:6)
  A black bear (D:7)
  An ogre (D:7)
  3 centaurs
  A kobold brigand (D:7)
  A bullfrog (D:6)
  A necrophage (D:5)
  A gnoll sergeant (D:6)
  2 scorpions (D:5)
  5 killer bees (D:7)
  3 hounds
  Crazy Yiuf (D:5)
  3 orc priests
  A gnoll shaman (D:7)
  2 orc wizards
  2 iguanas
  9 adders
  6 gnolls
  A river rat (D:6)
  A shadow imp (D:7)
  A white imp (D:7)
  2 ufetubi
  3 worms
  19 orcs
  7 endoplasms
  9 giant cockroaches
  8 hobgoblins
  5 jackals
  6 kobolds
  4 quokkas (D:1)
  4 ball pythons
  8 bats
  3 frilled lizards
  8 goblins
  6 rats
146 creatures vanquished.

Vanquished Creatures (others)
  A bush (D:6)
1 creature vanquished.

Grand Total: 147 creatures vanquished

Table legend:
 A = Non-vault XP
 B = Vault XP
 C = Vault XP percentage of total XP
 D = Non-vault monster count
 E = Vault monster count
 F = Vault count percentage of total count
                 A         B        C        D         E       F
            +---------+---------+-------+---------+---------+-------
      Total |    3406 |     806 |  19.1 |     129 |      17 |  11.6
            +---------+---------+-------+---------+---------+-------
        D:1 |      41 |       0 |   0.0 |      25 |       0 |   0.0
        D:2 |      81 |     223 |  73.4 |      19 |       1 |   5.0
        D:3 |      78 |      17 |  17.9 |      20 |       3 |  13.0
        D:4 |      95 |       0 |   0.0 |      13 |       0 |   0.0
        D:5 |     519 |     331 |  38.9 |      20 |       3 |  13.0
        D:6 |    1066 |     138 |  11.5 |      13 |       9 |  40.9
        D:7 |    1526 |      97 |   6.0 |      19 |       1 |   5.0
            +---------+---------+-------+---------+---------+-------

Illustrated notes

Table legend:
 A = Kills in this place as a percentage of kills in entire the game.
 B = Kills by you in this place as a percentage of kills by you in the entire game.
 C = Kills by friends in this place as a percentage of kills by friends in the entire game.
 D = Other kills in this place as a percentage of other kills in the entire game.
 E = Experience gained in this place as a percentage of experience gained in the entire game.
 F = Experience gained in this place divided by the number of levels of this place that you have seen.
                   A       B       C       D       E      F
               +-------+-------+-------+-------+-------+----------------------
         Total | 100.0 | 100.0 |   N/A | 100.0 | 100.0 | 601.7
       Dungeon | 100.0 | 100.0 |   N/A | 100.0 | 100.0 | 601.7
               +-------+-------+-------+-------+-------+----------------------

Table legend: (Time is in decaauts)
 A = Elapsed time spent in this place.
 B = Non-inter-level travel time spent in this place.
 C = Inter-level travel time spent in this place.
 D = Time resting spent in this place.
 E = Time spent auto-exploring this place.
 F = Levels seen in this place.
 G = Mean time per level.
                   A        B        C        D        E       F      G
               +--------+--------+--------+--------+--------+-----+--------+
         Total |  10116 |   9795 |    321 |   1883 |   6657 |   7 | 1445.1 |
       Dungeon |  10116 |   9795 |    321 |   1883 |   6657 |   7 | 1445.1 |
               +--------+--------+--------+--------+--------+-----+--------+

Top non-repeatable levels by time:
     D:6: 2417 daAuts
     D:2: 1564 daAuts
     D:7: 1508 daAuts
     D:1: 1352 daAuts
     D:5: 1243 daAuts
     D:3: 1242 daAuts
     D:4: 788 daAuts
